 Dungeon Crawl Stone Soup version 0.21-a0-225-g207ae17 (webtiles) character file.

33 Blomdor the Chopper (level 3, 0/28 HPs)
             Began as a Barachi Skald on Aug 29, 2017.
             Slain by Terence
             ... wielding a +0 short sword
              (5 damage)
             ... on level 2 of the Dungeon.
             The game lasted 00:01:46 (1052 turns).

Blomdor the Chopper (Barachi Skald)                 Turns: 1052, Time: 00:01:46

Health: 0/28       AC:  3    Str: 13    XL:     3   Next: 29%
Magic:  6/6        EV: 12    Int: 13    God:
Gold:   38         SH:  0    Dex: 11    Spells: 5/6 levels left

rFire    . . .     SeeInvis .   a - +0 hand axe
rCold    . . .     Gourm    .   (no shield)
rNeg     . . .     Faith    .   b - +0 leather armour
rPois    .         Spirit   .   (no helmet)
rElec    .         Reflect  .   (no cloak)
rCorr    .         Harm     .   (no gloves)
MR       .....                  (no boots)
Stlth    +.........             (no amulet)
HPRegen  0.09/turn              (no ring)
MPRegen  0.10/turn              (no ring)

@: can't hop, slow
A: +LOS, swims, slowness 1, strong legs 1
a: Hop


You were on level 2 of the Dungeon.
You were not hungry.

You visited 1 branch of the dungeon, and saw 2 of its levels.

You collected 38 gold pieces.

Inventory:

Hand Weapons
 a - a +0 hand axe (weapon)
Armour
 b - a +0 leather armour (worn)
Scrolls
 e - 4 scrolls of identify {unknown}
 i - 2 scrolls of random uselessness {unknown}
 k - a scroll of amnesia {unknown}
Potions
 g - a potion of magic
Books
 c - a book of Battle

   Spells                             Type                      Level
   a - Infusion                       Charms                       1
   b - Shroud of Golubria             Charms/Translocation         2
   c - Song of Slaying                Charms                       2
   d - Spectral Weapon                Hexes/Charms                 3
   e - Regeneration                   Charms/Necromancy            3
Comestibles
 d - a bread ration
 f - 4 chunks of flesh
 h - 2 meat rations
 j - a royal jelly


   Skills:
 - Level 2.4 Fighting
 * Level 4.0 Axes
 - Level 1.2 Armour
 - Level 2.1 Dodging
 - Level 2.1 Spellcasting
 - Level 3.2 Charms


You had 5 spell levels left.
You knew the following spells:

 Your Spells              Type           Power        Failure   Level  Hunger
a - Infusion              Chrm           #...         9%          1    ##.....


Dungeon Overview and Level Annotations

Branches:
Dungeon (2/15)

Altars:

Annotations:
D:2 Terence


Innate Abilities, Weirdness & Mutations

Shadows flee at your approach. (+LOS)
You can swim through water.
You cover ground slowly.
You can hop short distances.


Message History

Boing!
Okay, then.
Terence says, "Don't bother to defend, it's senseless."
You hit Terence but do no damage. Terence hits you but does no damage.
You hit Terence but do no damage. Terence hits you with a short sword.
You hit Terence.
Terence is lightly wounded.
Terence hits you but does no damage.
You hit Terence.
Terence is lightly wounded.
Terence hits you with a short sword!
* * * LOW HITPOINT WARNING * * *
You barely miss Terence.
Terence is lightly wounded.
Terence misses you. Terence closely misses you. Terence closely misses you.
Okay, then.
Terence hits you with a short sword.
You die...

#####.#######.#####.#
###................##.#
..).#.#.#######.......#
####....# #.#...###
#.....#######......#
##.................#
##.##########<....# #.#
#....## #.# #####@#####
##'## #....@....#
##...## #.###.###.#
##.....## #.###.# #.#
#.......###.##..###.#
#.........##.#....##.#
+.........'.......##.#
#.........##.#....##.#
##.......###.##.#.##.#


You could see Terence.

Vanquished Creatures
  3 dart slugs (D:1)
  2 leopard geckos (D:1)
  4 goblins
  3 hobgoblins
  3 jackals (D:1)
  2 bats (D:1)
  5 frilled lizards
  3 kobolds
  A rat (D:2)
26 creatures vanquished.

Notes
Turn   | Place    | Note
-------+----------+-------------------------------------------
     0 | D:1      | Blomdor the Barachi Skald began the quest for the Orb.
     0 | D:1      | Reached XP level 1. HP: 17/17 MP: 3/3
    49 | D:1      | Reached XP level 2. HP: 14/23 MP: 5/5
   187 | D:1      | Reached skill level 3 in Axes
   593 | D:1      | Reached XP level 3. HP: 28/28 MP: 6/6
   983 | D:2      | Reached skill level 4 in Axes
   998 | D:2      | Noticed Terence
  1052 | D:2      | Slain by Terence

Vault maps used:
D:1:      dpeg_arrival_another_circle, lemuel_old_faithful
D:2:      uniq_natasha, uniq_terence

Skill      XL: |  1  2  3 |
---------------+----------+-----
Axes           | 3 4 |  4.0
Fighting       | |  2.4
Armour         | |  1.2
Dodging        | |  2.1
Spellcasting   | |  2.1
Charms         | |  3.2

Action                   || total
-------------------------++-------
Melee: Hand axe          ||    93
 Abil: Hop               ||     1
  Use: Potion            ||     1
  Eat: Chunk             ||     1
Armor: Leather armour    ||    23
Dodge: Dodged            ||    70

Table legend:
 A = Spawn XP
 B = Non-spawn XP
 C = Spawn XP percentage of total XP
 D = Spawn monster count
 E = Non-spawn monster count
 F = Spawn count percentage of total count
 G = Total turns spent on level
                    A         B        C        D         E        F      G
               +---------+---------+-------+---------+---------+-------+---------
         Total |       4 |      44 |   8.3 |       2 |      24 |   7.7 |  1052
               +---------+---------+-------+---------+---------+-------+---------
           D:1 |       3 |      39 |   7.1 |       1 |      20 |   4.8 |   901
           D:2 |       1 |       5 |  16.7 |       1 |       4 |  20.0 |   151
               +---------+---------+-------+---------+---------+-------+---------
